 Dungeon Crawl Stone Soup version 0.20.1-1-g8b1a95d (webtiles) character file.

1197 vineage the Chopper (level 8, -4/69 HPs)
             Began as a Minotaur Fighter on July 22, 2017.
             Slain by a centaur (8 damage)
             ... on level 5 of the Dungeon.
             The game lasted 00:11:34 (3109 turns).

vineage the Chopper (Minotaur Fighter)              Turns: 3109, Time: 00:11:34

Health: -4/69      AC:  7    Str: 27    XL:     8   Next: 20%
Magic:  7/7        EV:  9    Int:  5    God:    Xom [.*....]
Gold:   125        SH: 11    Dex: 11    Spells: 7/7 levels left

rFire    + . .     SeeInvis .   a - +1 war axe
rCold    . . .     Gourm    .   c - +0 shield
rNeg     . . .     Faith    .   b - +0 scale mail
rPois    .         Spirit   .   (helmet restricted)
rElec    .         Reflect  .   (no cloak)
rCorr    .         Harm     .   (no gloves)
MR       +....                  (no boots)
Stlth    ++........             (no amulet)
Regen    0.3/turn               e - ring "Nihuon Vuyl" {rF+ MR+ Stlth+}
MPRegen  0.1/turn               (no ring)

@: mighty
A: retaliatory headbutt, horns 2
a: Renounce Religion


You were on level 5 of the Dungeon.
You worshipped Xom.
You were a plaything of Xom.
You were not hungry.

You visited 1 branch of the dungeon, and saw 5 of its levels.

You collected 125 gold pieces.

Inventory:

Hand Weapons
 a - a +1 war axe (weapon)
Armour
 b - a +0 scale mail (worn)
 c - a +0 shield (worn)
 p - a +2 helmet
Jewellery
 e - the ring "Nihuon Vuyl" (left hand) {rF+ MR+ Stlth+}
   (Xom gifted it to you on level 3 of the Dungeon)

   [ring of stealth]

   It protects you from fire.
   It affects your resistance to hostile enchantments.
   It makes you more stealthy.
 r - an uncursed ring of stealth {unknown}
Wands
 k - a wand of acid (7/15)
Scrolls
 j - 4 scrolls of remove curse
 l - a scroll of recharging
 n - a scroll of identify
Books
 q - a book of Frost

   Spells                             Type                      Level
   a - Freeze                         Ice                          1
   b - Throw Frost                    Conjuration/Ice              2
   c - Ozocubu's Armour               Charms/Ice                   3
   d - Throw Icicle                   Conjuration/Ice              4
   e - Summon Ice Beast               Ice/Summoning                4
Comestibles
 f - 2 meat rations
 h - a fruit
 i - 2 royal jellies


   Skills:
 + Level 5.4 Fighting
 + Level 7.1 Axes
 + Level 6.5 Armour
 + Level 2.5 Dodging
 + Level 2.2 Stealth
 + Level 6.1 Shields


You had 7 spell levels left.
You didn't know any spells.

Dungeon Overview and Level Annotations

Branches:
Dungeon (5/15)
 Temple: D:4-7

Altars:
Xom


Innate Abilities, Weirdness & Mutations

You reflexively headbutt those who attack you in melee.
You have a pair of horns on your head.


Message History

* * * LOW HITPOINT WARNING * * *
The orc priest looks satisfied for a moment.
You slash the orc priest!
You kill the orc priest!
You miss the leopard gecko. You slash the orc!
You kill the orc!
You block the leopard gecko's attack.
The centaur shoots an arrow.
You block the arrow. The leopard gecko closely misses you.
You furiously retaliate!
You headbutt the leopard gecko!!
You kill the leopard gecko!
The centaur unwields an uncursed shortbow.
You block the centaur's attack.
The centaur hits you but does no damage.
Things that are here:
a chain mail; an orc corpse You block the centaur's attack.
You slash the centaur!
The centaur is heavily wounded.
You block the centaur's attack. The centaur hits you!
You die...

..##........# ###.##..
..##........##.....r.
..##...........##..#
...#.........###§.#
.#.#.†.......#.§§#
.#.......(...§§##### ##.
.†#.........§.§....#....
#.######.#...§..........
#.## #.#....([@r......
...# #......).c.......
...## #...#............
....# #..##............
....# #.# #............
....# #.##.............
....# ...........#....
....####.....#.##..###..
...........#


You could see a centaur and a quokka.

Vanquished Creatures
  Sigmund (D:4)
  Edmund (D:5)
  2 ogres (D:4)
  2 scorpions
  A crimson imp (D:4)
  2 bullfrog skeletons
  3 hounds
  2 orc priests
  2 orc wizards
  A centaur skeleton (D:4)
  Terence (D:3)
  Natasha (twice) (D:3)
  A hound skeleton (D:4)
  4 gnolls (D:3)
  8 adders
  A white imp (D:4)
  An ooze (D:4)
  An adder skeleton (D:4)
  A worm (D:2)
  A dart slug (D:2)
  4 leopard geckos
  17 orcs
  7 bats
  4 giant cockroaches
  6 goblins
  5 hobgoblins
  6 jackals (D:4)
  6 kobolds
  2 quokkas
  A ball python (D:3)
  2 frilled lizards
  A quokka zombie (D:5)
  10 rats
  2 fungi (D:1)
111 creatures vanquished.

Vanquished Creatures (others)
  An orc wizard (D:3)
  A goblin (D:3)
2 creatures vanquished.

Grand Total: 113 creatures vanquished

Notes
Turn   | Place    | Note
-------+----------+-------------------------------------------
     0 | D:1      | vineage the Minotaur Fighter began the quest for the Orb.
     0 | D:1      | Reached XP level 1. HP: 19/19 MP: 0/0
   174 | D:1      | Reached XP level 2. HP: 27/27 MP: 1/1
   602 | D:1      | Reached XP level 3. HP: 30/33 MP: 2/2
   801 | D:2      | Found a shimmering altar of Xom.
   812 | D:2      | Became a worshipper of Xom of Chaos
   846 | D:2      | XOM: silly message
   855 | D:2      | XOM: harmless Tmut miscast
   933 | D:2      | You fall through a shaft!
  1063 | D:3      | Reached skill level 3 in Axes
  1084 | D:3      | Reached XP level 4. HP: 27/41 MP: 3/3
  1092 | D:3      | Noticed Terence
  1101 | D:3      | Killed Terence
  1101 | D:3      | Reached skill level 1 in Dodging
  1315 | D:3      | Reached XP level 5. HP: 41/47 MP: 4/4
  1384 | D:3      | Noticed Natasha
  1389 | D:3      | Reached skill level 4 in Axes
  1395 | D:3      | Killed Natasha
  1453 | D:3      | XOM: potion effect (invisibility)
  1459 | D:3      | Reached skill level 5 in Shields
  1469 | D:3      | Reached XP level 6. HP: 46/53 MP: 5/5
  1529 | D:3      | Reached skill level 5 in Armour
  1621 | D:3      | XOM: harmless Chrm miscast
  1680 | D:3      | XOM: divination: detect creatures
  1771 | D:3      | XOM: god gift: bound silver ring {god gift}
  1772 | D:3      | Got a bound silver ring {god gift}
  1773 | D:3      | Identified the ring "Nihuon Vuyl" {rF+ MR+ Stlth+} (Xom gifted it to you on level 3 of the Dungeon)
  1790 | D:3      | Noticed Natasha
  1809 | D:3      | Killed Natasha
  1885 | D:4      | Noticed Sigmund
  1904 | D:4      | Killed Sigmund
  1904 | D:4      | Reached skill level 5 in Axes
  1904 | D:4      | Reached skill level 1 in Stealth
  1904 | D:4      | Reached XP level 7. HP: 18/60 MP: 6/6
  2207 | D:4      | Reached skill level 5 in Fighting
  2296 | D:4      | XOM: 5-stop teleportation journey
  2299 | D:4      | XOM: divination: magic mapping
  2703 | D:4      | XOM: mild Air miscast
  2708 | D:4      | Reached skill level 6 in Axes
  2982 | D:5      | Entered Level 5 of the Dungeon
  2992 | D:5      | Noticed Edmund
  2992 | D:5      | XOM: harmless Hex miscast
  3012 | D:5      | Killed Edmund
  3012 | D:5      | Reached XP level 8. HP: 60/68 MP: 7/7
  3072 | D:5      | Reached skill level 7 in Axes
  3105 | D:5      | HP: 3/69 [centaur/arrow (5)]
  3109 | D:5      | Slain by a centaur

Skill      XL: |  1  2  3  4  5  6  7  8 |
---------------+-------------------------+-----
Fighting       | 4 5 |  5.4
Shields        | 4 5 6 |  6.1
Armour         | 4 5 6 |  6.5
Axes           | 3 4 5 6 7 |  7.1
Dodging        | 1 2 |  2.5
Stealth        | 1 2 |  2.2

Action                   |  1- 3 |  4- 6 |  7- 9 || total
-------------------------+-------+-------+-------++-------
Melee: War axe           |   103 |    84 |    85 ||   272
       Headbutt          |    17 |    18 |    19 ||    54
  Use: Scroll            |     3 |     3 |     2 ||     8
       Potion            |     2 |     2 |     4 ||     8
 Stab: Invisible         |       |     4 |       ||     4
       Sleeping          |       |       |     1 ||     1
  Eat: Bread ration      |       |     1 |       ||     1
       Meat ration       |       |       |     1 ||     1
Armor: Scale mail        |    62 |    28 |    27 ||   117
Dodge: Dodged            |    41 |    41 |    36 ||   118
Block: Shield            |    74 |    45 |    54 ||   173
